 Dungeon Crawl Stone Soup version 0.28-a0-511-gcc94558de3 (webtiles) character file.

Game seed: 5686151143114499101

68 siradein the Cudgeller (level 4, -3/28 HPs)
             Began as a Gargoyle Fighter on Sept 21, 2021.
             Slain by Terence (5 damage)
             ... on level 2 of the Dungeon on Sept 22, 2021.
             The game lasted 00:03:53 (1576 turns).

siradein the Cudgeller (Gargoyle Fighter)           Turns: 1576, Time: 00:03:53

Health: -3/28      AC: 13    Str: 19    XL:     4   Next: 19%
Magic:  4/4        EV:  7    Int:  9    God:
Gold:   113        SH:  4    Dex: 10    Spells: 3/3 levels left

rFire   . . .      SeeInvis .   a - +0 flail
rCold   . . .      Faith    .   c - +0 buckler
rNeg    + . .      Spirit   .   f - +0 chain mail
rPois   ∞          Reflect  .   j - +0 helmet
rElec   +          Harm     .   (no cloak)
rCorr   .          Rampage  .   (no gloves)
Will    .....                   (no boots)
Stlth   ..........              (no amulet)
HPRegen 0.09/turn               (no ring)
MPRegen 0.09/turn               (no ring)

@: no status effects
A: sickness immunity, AC +3, negative energy resistance 1, electricity
resistance, torment resistance 1, petrification resistance
a: no special abilities


You were on level 2 of the Dungeon.
You visited 1 branch of the dungeon, and saw 2 of its levels.

You collected 113 gold pieces.

Inventory:

Hand Weapons
 a - a +0 flail (weapon)
Armour
 c - a +0 buckler (worn)
 f - a +0 chain mail (worn)
 j - a +0 helmet (worn)
Jewellery
 h - a ring of fire
 l - a +6 ring of dexterity
Scrolls
 e - a scroll of identify {unknown}
 i - a scroll of teleportation {unknown}
Potions
 b - 2 potions of curing {unknown}
 d - a potion of might
 g - 2 potions of heal wounds {unknown}
 k - 2 potions of mutation {unknown}


   Skills:
 - Level 3.2 Fighting
 + Level 4.3 Maces & Flails
 - Level 3.2 Armour
 - Level 3.2 Shields


You had 3 spell levels left.
You didn't know any spells.
Your spell library was empty.

Dungeon Overview and Level Annotations

Branches:
Dungeon (2/15)

Altars:

Annotations:
D:2 Terence


Innate Abilities, Weirdness & Mutations

You are immune to sickness and miasma.
Your stone body is resilient. (AC +3)
You are immune to poison.
You resist negative energy. (rN+)
You are resistant to electric shocks. (rElec)
You are resistant to unholy torment.
You are immune to petrification.


Message History

Terence says, "Did you write a will?
You should..."
There is an open door here.
You see here 21 stones.
Terence screams, "I'm going to kill you!"
There is a stone staircase leading down here.
Terence barely misses you. You block Terence's attack.
You see here 21 stones.
There is an open door here.
Terence completely misses you.
There is an open door, spattered with blood here.
There is an open door here.
Things that are here:
a +0 club; a +0 dagger
Items here: )))))))) [.
Terence hits you but does no damage.
Terence shouts, "ATTACK!!!"
There is a stone staircase leading up here.
Terence shouts, "Get ready for death!"
There is an open door here.
Terence screams, "I'm going to kill you!"
There is a stone staircase leading up here.
Terence screams, "I'm going to kill you!"
Terence looks scornfully at you.
You open the door.
Terence hits you with a +3 short sword of electrocution.
* * * LOW HITPOINT WARNING * * *
There is an open door here.
Terence says, "Don't bother to defend, it's senseless."
Terence says, "Don't bother to defend, it's pointless."
Terence hits you with a +3 short sword of electrocution.
* * * LOW HITPOINT WARNING * * *
There is a stone staircase leading up here.
You closely miss Terence. Terence hits you but does no damage.
You hit Terence but do no damage. Terence hits you but does no damage.
You hit Terence.
Terence is moderately wounded.
Terence looks scornfully at you.
Terence hits you with a +3 short sword of electrocution.
You die...

#........ #.# #.# #.#
#........ #.# #)# #.#
#........ #.# #.# #.#
#........
#.###'#########.#
###.##..........#.#
+....'..........#.#
###.##....[.....#.#
#####.##..........#.#
#....@##..........#.#
#....@##..........#.# #.
#....<.+..........'.#
#.##.....##..........###
..#.....##..........#
#.#.....##..........#
#.#.......#######'######
#........##...##...##...
##.......#>.8.('.8.'..8.


You could see Terence.

Vanquished Creatures
  Robin (D:2)
  An adder (D:2)
  A dart slug (D:1)
  4 endoplasms
  A giant cockroach (D:1)
  11 goblins
  5 hobgoblins
  4 jackals (D:1)
  A quokka (D:1)
  3 ball pythons (D:1)
  6 bats (D:1)
  A frilled lizard (D:1)
  A rat (D:1)
40 creatures vanquished.

Notes
Turn   | Place    | Note
-------+----------+-------------------------------------------
     0 | D:1      | siradein the Gargoyle Fighter began the quest for the Orb.
     0 | D:1      | Reached XP level 1. HP: 14/14 MP: 1/1
    61 | D:1      | Reached XP level 2. HP: 6/19 MP: 2/2
   356 | D:1      | Reached skill level 3 in Maces & Flails
   502 | D:1      | Reached XP level 3. HP: 23/23 MP: 3/3
   627 | D:1      | Found a faded altar of an unknown god.
  1028 | D:2      | Noticed Robin
  1046 | D:2      | Killed Robin
  1047 | D:2      | Reached skill level 4 in Maces & Flails
  1053 | D:2      | Reached XP level 4. HP: 19/28 MP: 4/4
  1313 | D:2      | Noticed Terence
  1569 | D:2      | HP: 1/28 [Terence (6)]
  1576 | D:2      | Slain by Terence

Illustrated notes

Levels and vault maps discovered:
D:1:      dpeg_arrival_short_road, layout_rooms,
          shapermc_ecumenical_altar_acropolis, minmay_strange_pillars,
          hangedman_decor_diamond_cutter
D:2:      layout_basic, hex_tiny, grunt_ministairs_5, uniq_robin, uniq_terence

Skill      XL: |  1  2  3 |
---------------+----------+-----
Maces & Flails | 3 4 |  4.3
Fighting       | |  3.2
Armour         | |  3.2
Shields        | |  3.2

Action                   |  1- 3 |  4- 6 || total
-------------------------+-------+-------++-------
Melee: Flail             |   103 |    27 ||   130
Armor: Scale mail        |    38 |       ||    38
       Chain mail        |    43 |    24 ||    67
Dodge: Dodged            |    46 |    14 ||    60
Block: Buckler           |    28 |     8 ||    36

Table legend: (Time is in decaauts)
 A = Elapsed time spent in this place.
 B = Non-inter-level travel time spent in this place.
 C = Inter-level travel time spent in this place.
 D = Time resting spent in this place.
 E = Time spent auto-exploring this place.
 F = Levels seen in this place.
 G = Mean time per level.
                   A        B        C        D        E       F      G
               +--------+--------+--------+--------+--------+-----+--------+
         Total |   1609 |   1609 |      0 |      0 |   1077 |   2 |  804.5 |
       Dungeon |   1609 |   1609 |      0 |      0 |   1077 |   2 |  804.5 |
               +--------+--------+--------+--------+--------+-----+--------+

Top non-repeatable levels by time:
     D:1: 952 daAuts
     D:2: 657 daAuts
